 Dungeon Crawl Stone Soup version 0.32-a0-913-g739538afd8 (webtiles) character file.

Game seed: 14037747607359348638

7607 Biggs the Gouger (level 10, 53/53 HPs)
             Began as a Felid Shapeshifter on Apr 9, 2024.
             Was a Believer of Wu Jian.
             Quit the game on level 2 of the Lair of Beasts.
             The game lasted 00:19:35 (8220 turns).

Biggs the Gouger (Felid Shapeshifter)               Turns: 8220, Time: 00:19:35

Health: 53/53      AC:  4    Str: 10    XL:     10   Next: 98%
Magic:  11/11      EV: 41    Int: 13    God:    Wu Jian [**....]
Gold:   561        SH:  2    Dex: 21    Spells: 9/9 levels left
                                        Lives:  0   Deaths: 2

rFire   . .          .
                       - Unarmed
rCold   + . .        (shield unavailable)
rNeg    . . .        (body armour unavailable)
rPois   .            (helmet unavailable)
rElec   .            (cloak unavailable)
rCorr   +            (gloves unavailable)
SInv    +            (boots unavailable)
Will    +....        q - amulet of the acrobat
Stlth   +            m - ring of resist corrosion
HPRegen 0.28/turn    o - ring of the Octopus King {rC+ HP+2 AC+2 EV+2 SH+2}
MPRegen 0.12/turn

%: acrobat
@: flux-form, acrobatic, glowing
A: glow, contaminating, very small, claws 1, fangs 3, see invisible, shaggy fur
2, stealthy paws, no weapons or thrown items, no armour, multi-lived
a: Begin Untransformation, Renounce Religion, Wall Jump


You were on level 2 of the Lair of Beasts.
You worshipped Wu Jian.
Wu Jian was pleased with you.
You were something dangerously unstable.
You visited 3 branches of the dungeon, and saw 11 of its levels.

You collected 561 gold pieces.

Inventory:

Jewellery
 m - a ring of resist corrosion (left paw)
 o - a ring of the Octopus King (right paw) {rC+ HP+2 AC+2 EV+2 SH+2}
   (You found it on level 3 of the Dungeon)

   [ring of protection from cold]

   AC+2:      It affects your AC (+2).
   EV+2:      It affects your evasion (+2).
   rC+:       It protects you from cold.
   HP+2:      It affects your health (+2).
   SH+2:      It affects your SH (+2).
 p - an amulet of guardian spirit
 q - an amulet of the acrobat (around neck)
Talismans
 b - a beast talisman
 c - a flux talisman (active)
Wands
 j - a wand of digging (8)
 A - a wand of flame (28)
 E - a wand of roots (3)
Scrolls
 a - 2 scrolls of amnesia
 d - 2 scrolls of immolation
 e - a scroll of blinking
 f - 2 scrolls of fear
 g - a scroll of silence
 i - 3 scrolls of teleportation
 r - 2 scrolls of fog
 y - a scroll of enchant weapon
 z - a scroll of enchant armour {unknown}
 B - a scroll of noise {unknown}
 F - a scroll of torment {unknown}
Potions
 h - a potion of brilliance
 k - a potion of magic {unknown}
 l - a potion of enlightenment
 n - a potion of ambrosia {unknown}
 s - 2 potions of attraction {unknown}
 t - a potion of haste {unknown}
 u - a potion of berserk rage {unknown}
 v - 2 potions of heal wounds {unknown}
 w - a potion of degeneration {unknown}
 x - a potion of curing {unknown}
 D - 4 potions of mutation {unknown}


   Skills:
 - Level 5.0 Fighting
 - Level 6.1 Dodging
 - Level 11.7 Unarmed Combat
 + Level 9.5 Shapeshifting


You had 9 spell levels left.
You didn't know any spells.
Your spell library contained the following spells:

 Spells                   Type           Power      Damage    Failure   Level
 Sting                    Conj/Alch      0%         1d3       30%         1
 Blink                    Tloc           0%         N/A       43%         2
 Call Imp                 Summ           0%         N/A       43%         2
 Ensorcelled Hibernation  Hex/Ice        0%         N/A       43%         2
 Lesser Beckoning         Tloc           0%         N/A       43%         2
 Mercury Vapours          Alch/Air       0%         N/A       43%         2
 Momentum Strike          Conj/Tloc      0%         3d8       43%         2
 Sublimation of Blood     Necr           0%         N/A       43%         2
 Maxwell's Portable Pile  Tloc           0%         2d(5-13)  67%         3
 Passwall                 Erth           0%         N/A       67%         3
 Swiftness                Air            0%         N/A       67%         3
 Teleport Other           Tloc           0%         N/A       67%         3
 Olgreb's Toxic Radiance  Alch           0%         N/A       97%         4
 Summon Hydra             Summ           0%         N/A       100%        7


Dungeon Overview and Level Annotations

Branches:
Dungeon (8/15)             Temple (1/1) D:5            Lair (2/5) D:8
  Swamp (0/4) Lair:2
  Snake: Lair:2-3    Spider: Lair:2-3

Altars:
Ashenzari
Cheibriados
Dithmenos
Elyvilon
Fedhas
Gozag
Hepliaklqana
Kikubaaqudgha
Makhleb
Nemelex Xobeh
Okawaru
Qazlal
Sif Muna
Trog
Uskayaw
Vehumet
Wu Jian
Xom
Yredelemnul
Zin
The Shining One


Innate Abilities, Weirdness & Mutations

You are something dangerously unstable.
You glow with magical radiation, making you easy to see and hit.
Foes you strike become dangerously contaminated with magical radiation.
You have sharp claws.
You have razor-sharp teeth.
You have supernaturally acute eyesight. (SInv)
You are covered in thick fur. (AC +2)
Your paws help you pounce on unaware monsters.
You are incapable of wielding weapons or throwing items.
You cannot wear armour.
You gain extra lives every three experience levels.


Message History

No target in view!
Key pressed, stopping explore.
Found 5 stones.
Key pressed, stopping explore.
Key pressed, stopping explore.
Key pressed, stopping explore.
You hear the deafening beating of a very distant drum.
Key pressed, stopping explore.
Found an escape hatch in the ceiling.
Found a ring mail.
A - a wand of flame (28) (gained 13 charges)
You now have 543 gold pieces (gained 20).
Key pressed, stopping explore.
You now have 550 gold pieces (gained 7).
Key pressed, stopping explore.
Key pressed, stopping explore.
Key pressed, stopping explore.
You now have 561 gold pieces (gained 11).
You hear the deafening beating of a very distant drum.
Key pressed, stopping explore.
Key pressed, stopping explore.
Key pressed, stopping explore.
You hear the deafening beating of a very distant drum.
After a thunderous strike, the drumbeats cease.
Key pressed, stopping explore.
The walls and floor vibrate strangely for a moment.
Key pressed, stopping explore.
Key pressed, stopping explore.
D - 4 glowing pink potions (gained 2) Key pressed, stopping explore.
Key pressed, stopping explore.
Key pressed, stopping explore.
Found 4 stones.
Key pressed, stopping explore.
Key pressed, stopping explore.
Key pressed, stopping explore.
Found a stone staircase leading down.
A black mamba comes into view.
A black mamba is nearby!
Are you sure you want to abandon this character and quit the game? (Confirm with "yes".)

....#........ ..
.............. S..
##...........# ....
#............## ....###
.....#..P....# ##.....
#..# #..#....
P.>....#####..###.......
.................##.....
.....?.p.........##.....
#...................##..
P........##.....######..
##....P..##...### #(..
##.....#####.# ###.
####..## ### ## ##......
# ..###.# ########
####..#.. ##.#...#P


You could see a black mamba (asleep).

Vanquished Creatures
  A hydra (Lair:2)
  A black mamba (Lair:2)
  2 cane toads (Lair:2)
  2 rime drakes
  Grinder (D:4)
  3 blink frogs (Lair:2)
  9 yaks (Lair:1)
  2 basilisks (Lair:1)
  A wyvern (Lair:1)
  Menkaure (D:4)
  3 water moccasins
  3 ice beasts
  An orc warrior (D:8)
  3 black bears (D:5)
  An ogre (D:7)
  8 wolves
  A centaur (D:7)
  A phantom (D:6)
  2 kobold brigands
  A gnoll sergeant (D:5)
  A scorpion (D:7)
  Blork the orc (D:6)
  A bullfrog (Lair:1)
  A howler monkey (D:4)
  3 electric eels
  A crimson imp (D:6)
  A bombardier beetle (D:4)
  A lava snake (Lair:1)
  An orc priest (D:7)
  3 hounds
  A gnoll bouda (D:6)
  An iguana (D:5)
  3 orc wizards
  2 sleepcaps
  11 gnolls
  5 adders
  3 white imps
  4 ribbon worms
  6 orcs
  6 ball pythons
  4 endoplasms
  3 giant cockroaches
  8 goblins
  5 hobgoblins
  7 quokkas
  8 bats
  3 frilled lizards
  17 kobolds
  3 rats
161 creatures vanquished.

Notes
Turn   | Place    | Note
-------+----------+-------------------------------------------
     0 | D:1      | Biggs the Felid Shapeshifter began the quest for the Orb.
     0 | D:1      | Reached XP level 1. HP: 10/10 MP: 2/2
    89 | D:1      | Found a faded altar of an unknown god.
   203 | D:1      | Reached XP level 2. HP: 9/14 MP: 3/3
   634 | D:1      | Reached skill level 4 in Unarmed Combat
   832 | D:2      | Reached XP level 3. HP: 17/18 MP: 4/4
   885 | D:2      | HP: 1/27 [ribbon worm (2)]
  1181 | D:2      | Reached XP level 4. HP: 22/22 MP: 5/5
  1181 | D:2      | Gained a life (2 lives remaining)
  1369 | D:2      | Found a hazy altar of Hepliaklqana.
  1579 | D:2      | Reached skill level 5 in Dodging
  2356 | D:3      | Found the ring of the Octopus King
  2372 | D:3      | Identified a ring of the Octopus King {rC+ HP+2 AC+2 EV+2
                  | SH+2}
  2402 | D:4      | Noticed Grinder
  2436 | D:4      | Noticed Menkaure
  2441 | D:4      | Found a hazy altar of Hepliaklqana.
  2541 | D:4      | Killed Menkaure
  2542 | D:4      | Reached skill level 5 in Unarmed Combat
  2542 | D:4      | Reached XP level 5. HP: 9/25 MP: 1/6
  2661 | D:4      | Gained mutation: You are covered in thick fur. (AC +2)
                  | [Felid growth]
  2661 | D:4      | Reached XP level 6. HP: 30/30 MP: 7/7
  2695 | D:4      | Killed Grinder
  2758 | D:4      | Reached XP level 7. HP: 29/33 MP: 8/8
  3188 | D:4      | Reached skill level 5 in Shapeshifting
  3203 | D:5      | Entered Level 5 of the Dungeon
  3392 | D:5      | Found a staircase to the Ecumenical Temple.
  3396 | Temple   | Entered the Ecumenical Temple
  3411 | Temple   | Became a worshipper of the Wu Jian Council
  3988 | D:5      | Reached XP level 8. HP: 25/37 MP: 9/9
  4157 | D:5      | Found a stormy altar of Qazlal.
  4351 | D:6      | Found a sparkling altar of Nemelex Xobeh.
  4354 | D:6      | Found an ancient bone altar of Kikubaaqudgha.
  4355 | D:6      | Found a blossoming altar of Fedhas.
  4446 | D:6      | Reached skill level 6 in Unarmed Combat
  4581 | D:6      | Found a burning altar of Makhleb.
  4712 | D:6      | Noticed Blork the orc
  4718 | D:6      | Killed Blork the orc
  5339 | D:6      | Found a white marble altar of Elyvilon.
  5453 | D:7      | Reached * piety under Wu Jian
  5794 | D:7      | Reached XP level 9. HP: 46/46 MP: 10/10
  5890 | D:7      | Reached skill level 5 in Fighting
  6071 | D:8      | Found a staircase to the Lair.
  6091 | D:8      | Reached skill level 7 in Unarmed Combat
  6236 | Lair:1   | Entered Level 1 of the Lair of Beasts
  6263 | Lair:1   | Reached skill level 8 in Unarmed Combat
  6485 | Lair:1   | Noticed a rime drake
  6490 | Lair:1   | Reached skill level 9 in Unarmed Combat
  6492 | Lair:1   | Killed a rime drake
  6547 | Lair:1   | Reached skill level 10 in Unarmed Combat
  6841 | Lair:1   | Reached XP level 10. HP: 36/51 MP: 11/11
  6842 | Lair:1   | Reached skill level 11 in Unarmed Combat
  7027 | Lair:1   | Reached ** piety under Wu Jian
  7718 | Lair:2   | Noticed a black mamba
  7724 | Lair:2   | Killed a black mamba
  7829 | Lair:2   | Noticed a cane toad
  7843 | Lair:2   | Killed a cane toad
  7844 | Lair:2   | HP: 2/53 [wolf (1)]
  7845 | Lair:2   | Succumbed to a cane toad's poison
  7845 | Lair:2   | Lost a life (1 life remaining)
  7846 | Lair:2   | Noticed a six-headed hydra
  7856 | Lair:2   | Killed a six-headed hydra
  7865 | Lair:2   | HP: 2/53 [blink frog (10)]
  7872 | Lair:2   | Slain by a blink frog
  7872 | Lair:2   | Lost a life (0 lives remaining)
  7873 | Lair:2   | Found a staircase to the Swamp.
  7873 | Lair:2   | Noticed a cane toad
  7873 | Lair:2   | Killed a cane toad
  8219 | Lair:2   | Noticed a black mamba
  8220 | Lair:2   | Quit the game

Illustrated notes

Levels and vault maps discovered:
D:1:      minmay_arrival_plants_in_alcoves, layout_basic,
          ebering_ecumenical_altar_rust
D:2:      minmay_evil_eye, layout_basic, basic_altar, grunt_ministairs_13,
          kennysheep_generic_room_6
D:3:      layout_loops_ring, minmay_fractal_squares_gapless_5
D:4:      minmay_angry_zag, layout_rooms, mainiacjoe_overflow_alcove_1,
          nicolae_overflow_hidden_temple, hellmonk_no_cap, uniq_menkaure,
          uniq_grinder
D:5:      layout_loops_cross, mainiacjoe_overflow_alcove_4,
          minmay_temple_entry_glassed_door, serial_rivers,
          chequers_serial_rivers_micro_b, chequers_serial_rivers_room_b,
          chequers_serial_rivers_small_b, chequers_serial_rivers_large_b,
          chequers_serial_rivers_large_a
D:6:      layout_basic, makhleb_grotto_becter, nicolae_elyvilon_temple_path,
          chequers_temple_overflow_statue_of_worship, uniq_blork_the_orc
D:7:      layout_loops_ring
D:8:      layout_cave_pools, lair_entry_dummy, uniq_pikel
Temple:   eino_narrow_crystal_temple
Lair:1:   layout_gridlike
Lair:2:   layout_cave_shapes, swamp_mist, gauntlet_entry_generic

Skill      XL: |  1  2  3  4  5  6  7  8  9 10 |
---------------+-------------------------------+-----
Unarmed Combat | 4 5 6 10 11 | 11.7
Dodging        | 3 4 5 6 |  6.1
Shapeshifting  | 4 6 7 9 |  9.5
Fighting       | 4 5 |  5.0

Action                     |  1- 3 |  4- 6 |  7- 9 | 10-12 || total
---------------------------+-------+-------+-------+-------++-------
  Melee: Unarmed           |    82 |    91 |   333 |   107 ||   613
         Bite              |     8 |     8 |    52 |    16 ||    84
         Punch             |     2 |     4 |     4 |       ||    10
Ability: Lunge             |       |       |    16 |     5 ||    21
         Whirlwind         |       |       |    34 |    27 ||    61
  Evoke: Wand              |       |       |       |     1 ||     1
    Use: Potion            |     1 |       |       |     3 ||     4
         Scroll            |       |     6 |     4 |     1 ||    11
   Stab: Sleeping          |     3 |     2 |       |     1 ||     6
         Distracted        |       |     1 |       |       ||     1
 Armour: Skin              |    39 |    27 |    79 |    34 ||   179
  Dodge: Dodged            |    71 |    71 |   268 |   105 ||   515
  Block: Other             |       |     1 |    20 |     5 ||    26
   Form: Flux              |       |       |     1 |       ||     1

Table legend: (Time is in decaauts)
 A = Elapsed time spent in this place.
 B = Non-inter-level travel time spent in this place.
 C = Inter-level travel time spent in this place.
 D = Time resting spent in this place.
 E = Time spent auto-exploring this place.
 F = Levels seen in this place.
 G = Mean time per level.
                   A        B        C        D        E       F      G
               +--------+--------+--------+--------+--------+-----+--------+
         Total |   8208 |   7968 |    240 |    457 |   6172 |  11 |  746.2 |
       Dungeon |   6217 |   6043 |    174 |    457 |   4538 |   8 |  777.1 |
        Temple |     30 |      2 |     28 |      0 |      0 |   1 |   30.0 |
          Lair |   1960 |   1922 |     38 |      0 |   1633 |   2 |  980.0 |
               +--------+--------+--------+--------+--------+-----+--------+

Top non-repeatable levels by time:
  Lair:1: 1412 daAuts
     D:5: 1129 daAuts
     D:6: 1035 daAuts
     D:3: 873 daAuts
     D:1: 812 daAuts
     D:2: 807 daAuts
     D:7: 704 daAuts
     D:4: 694 daAuts
  Lair:2: 547 daAuts
     D:8: 160 daAuts
  Temple: 30 daAuts
